 Dungeon Crawl Stone Soup version 0.25-a0-1079-g858b6a6 (webtiles) character file.

Game seed: 4714449850290016938, levelgen mode: deterministic

1768 GroovyGamera the Spear-Bearer (level 8, 0/74 HPs)
             Began as a Minotaur Abyssal Knight on May 14, 2020.
             Was an Elder of Lugonu.
             Slain by an ogre
             ... wielding a +0 giant club
              (10 damage)
             ... on level 6 of the Dungeon on May 15, 2020.
             The game lasted 00:30:17 (6911 turns).

GroovyGamera the Spear-Bearer (MiAK)                Turns: 6911, Time: 00:30:18

Health: 0/74       AC: 15    Str: 18    XL:     8   Next: 80%
Magic:  8/8        EV:  8    Int:  9    God:    Lugonu [****..]
Gold:   363        SH:  0    Dex: 11    Spells: 7/7 levels left

rFire    . . .     SeeInvis .   D - +1 scythe (vorpal)
rCold    . . .     Gourm    .   (shield currently unavailable)
rNeg     . . .     Faith    .   a - +0 chain mail
rPois    .         Spirit   .   (helmet restricted)
rElec    .         Reflect  .   z - +2 cloak
rCorr    .         Harm     .   (no gloves)
MR       .....                  p - +0 pair of boots
Stlth    ..........             (no amulet)
HPRegen  0.22/turn              (no ring)
MPRegen  0.11/turn              (no ring)

@: no status effects
A: retaliatory headbutt, horns 2
a: Depart the Abyss, Bend Space, Banish, Corrupt, Renounce Religion


You were on level 6 of the Dungeon.
You worshipped Lugonu.
Lugonu was greatly pleased with you.
You were hungry.

You visited 1 branch of the dungeon, and saw 6 of its levels.
You visited the Abyss 1 time.

You collected 363 gold pieces.

Inventory:

Hand Weapons
 D - a +1 vorpal scythe (weapon)
Missiles
 f - 101 stones
 q - 5 datura-tipped darts
 s - 2 poisoned darts
 t - 19 sling bullets
 v - 63 arrows
 x - 4 silver boomerangs (quivered)
 A - 9 boomerangs
 B - 10 bolts
Armour
 a - a +0 chain mail (worn)
 p - a +0 pair of boots (worn)
 z - a +2 cloak (worn)
Jewellery
 n - a +4 ring of protection
Scrolls
 b - 3 scrolls of enchant armour {unknown}
 d - 3 scrolls of remove curse
 j - a scroll of amnesia {unknown}
 k - 2 scrolls of identify
 u - a scroll of magic mapping {unknown}
 w - a scroll of blinking
 y - 2 scrolls of teleportation {unknown}
 C - a scroll of noise {unknown}
Potions
 e - 3 potions of heal wounds
 g - 4 potions of curing
 h - 2 potions of haste
 i - 2 potions of mutation
 l - a potion of might {unknown}
 m - a potion of brilliance {unknown}
 o - a potion of experience {unknown}
 r - 2 potions of flight {unknown}
 E - a potion of stabbing {unknown}
Comestibles
 c - 13 rations


   Skills:
 + Level 7.7 Fighting
   Level 3.2(6.6) Axes
 * Level 9.2(9.4) Polearms
 + Level 7.2 Armour
 - Level 1.1 Dodging
 - Level 1.7 Invocations


You had 7 spell levels left.
You didn't know any spells.
Your spell library contained the following spells:

 Spells                   Type           Power        Failure   Level  Hunger
 Magic Dart               Conj           #...         99%         1    ##.....
 Blink                    Tloc           N/A          99%         2    ###....
 Call Imp                 Summ           #.......     99%         2    ###....
 Slow                     Hex            #.......     99%         2    ###....
 Conjure Flame            Conj/Fire      #.......     100%        3    ####...
 Mephitic Cloud           Conj/Pois/Air  #.......     100%        3    ####...


Dungeon Overview and Level Annotations

Branches:
Dungeon (6/15)             Temple (0/1) D:4

Altars:
Nemelex Xobeh
Qazlal
Sif Muna
Uskayaw
Xom
Yredelemnul
The Shining One

Shops:
D:4 ?   D:5 %

Annotations:
D:6 2 transporters, Notta's ghost, amateur VSFi


Innate Abilities, Weirdness & Mutations

You reflexively headbutt those who attack you in melee.
You have a pair of horns on your head.


Message History

You headbutt the ogre! You slash the centaur!
You kill the centaur!
Lugonu accepts your kill. The ogre hits you with a +0 giant club!
* * * LOW HITPOINT WARNING * * *
You barely miss the ogre. You headbutt the ogre.
The ogre is almost dead.
The ogre barely misses you.
You completely miss the ogre.
The ogre is almost dead.
The ogre hits you but does no damage.
You barely miss the ogre.
The ogre is almost dead.
The ogre hits you with a +0 giant club.
* * * LOW HITPOINT WARNING * * *
Your chain mail prevents you from hitting the ogre.
The ogre is almost dead.
The ogre hits you but does no damage. The ogre hits you with a +0 giant club!
You die...

##................#
##...............#
#...............# ...).
#...........(...# ..l..
#...............# ......
##..............# ......
#..#............###....#
##..##..........O.#...#
#..#####.......@)(...#
##.## #####....#.(.##
#..#### #####....#
#.###.#### #.....#
..##.....#### #.....#
.#..........## ......#
.............# #c...#..
#............# .....##.#
............###....## .#


You could see an ogre.

Vanquished Creatures
  Sigmund (D:2)
  Duvessa (D:4)
  A water moccasin (D:5)
  A black bear (D:3)
  A sky beast (D:5)
  An ogre (D:4)
  A centaur (D:6)
  An ice beast (D:5)
  Blork the orc (D:4)
  Dowan (D:4)
  A scorpion (D:5)
  A crimson imp (D:5)
  2 orc priests
  2 jellies
  An iguana (D:4)
  Natasha (thrice) (D:4 D:5)
  4 orc wizards
  6 worker ants
  A worker ant zombie (D:5)
  Robin (D:2)
  3 gnolls (D:5)
  9 adders
  A shadow imp (D:6)
  3 oozes
  An adder skeleton (D:5)
  6 worms
  2 dart slugs
  4 leopard geckos
  16 orcs
  5 giant cockroaches
  15 goblins
  8 hobgoblins
  4 jackals
  A quokka (D:3)
  2 ball pythons
  7 bats
  6 frilled lizards
  9 kobolds
  A quokka skeleton (D:6)
  9 rats
144 creatures vanquished.

Vanquished Creatures (others)
  An orc (D:3)
1 creature vanquished.

Grand Total: 145 creatures vanquished

Notes
Turn   | Place    | Note
-------+----------+-------------------------------------------
     0 | Abyss:1  | GroovyGamera the Minotaur Abyssal Knight began the quest
                  | for the Orb.
     0 | Abyss:1  | Reached XP level 1. HP: 19/19 MP: 1/1
     0 | Abyss:1  | Upgraded the game from 0.25-a0-1076-gdec1a2a to
                  | 0.25-a0-1079-g858b6a6
     9 | Abyss:1  | Found a corrupted altar of Lugonu.
    22 | Abyss:1  | Found a corrupted altar of Lugonu.
    54 | D:1      | Escaped the Abyss
   367 | D:1      | Reached XP level 2. HP: 17/27 MP: 2/2
   663 | D:1      | Reached ** piety under Lugonu
  1223 | D:1      | Reached XP level 3. HP: 33/33 MP: 3/3
  1291 | D:2      | Noticed Sigmund
  1642 | D:2      | Noticed Robin
  1700 | D:2      | Killed Robin
  1700 | D:2      | Reached skill level 1 in Polearms
  2056 | D:2      | Reached XP level 4. HP: 40/41 MP: 4/4
  2197 | D:3      | Reached skill level 2 in Polearms
  2464 | D:3      | Reached *** piety under Lugonu
  2515 | D:3      | Reached XP level 5. HP: 47/47 MP: 5/5
  2546 | D:3      | Reached skill level 3 in Polearms
  2553 | D:3      | Found a sparkling altar of Nemelex Xobeh.
  2668 | D:3      | Reached skill level 5 in Fighting
  2870 | D:3      | Found a glowing golden altar of the Shining One.
  2873 | D:3      | Found a basalt altar of Yredelemnul.
  3173 | D:3      | Noticed a profane servitor
  3189 | D:3      | Reached skill level 4 in Polearms
  3244 | D:3      | Noticed a +0 dagger
  3246 | D:3      | Noticed a +0 dagger
  3249 | D:3      | Found a hide-covered altar of Uskayaw.
  3547 | D:3      | Noticed an angel
  3595 | D:4      | Reached XP level 6. HP: 54/56 MP: 6/6
  3717 | D:2      | Killed Sigmund
  3717 | D:2      | Reached skill level 5 in Polearms
  4019 | D:4      | Found a shimmering altar of Xom.
  4040 | D:4      | Found Kyahywn's Magic Scroll Boutique.
  4074 | D:4      | Found a stormy altar of Qazlal.
  4084 | D:4      | Reached skill level 5 in Armour
  4097 | D:4      | Reached XP level 7. HP: 15/62 MP: 7/7
  4412 | D:4      | Noticed Duvessa
  4412 | D:4      | Noticed Dowan
  4428 | D:4      | Killed Duvessa
  4442 | D:4      | Killed Dowan
  4442 | D:4      | Reached skill level 6 in Polearms
  4701 | D:4      | Noticed Blork the orc
  4736 | D:4      | Killed Blork the orc
  4754 | D:4      | Found a staircase to the Ecumenical Temple.
  5033 | D:4      | Reached skill level 7 in Polearms
  5123 | D:4      | Noticed Natasha
  5126 | D:4      | Killed Natasha
  5237 | D:4      | Reached **** piety under Lugonu
  5237 | D:4      | Reached XP level 8. HP: 70/71 MP: 8/8
  5367 | D:4      | Found a shimmering blue altar of Sif Muna.
  5474 | D:4      | Noticed Natasha
  5481 | D:4      | Killed Natasha
  5637 | D:5      | Entered Level 5 of the Dungeon
  5732 | D:5      | Found Yjuban's Food Boutique.
  5773 | D:5      | Reached skill level 8 in Polearms
  6599 | D:4      | Noticed Natasha
  6608 | D:5      | Killed Natasha
  6608 | D:5      | Reached skill level 9 in Polearms
  6758 | D:6      | Noticed a queen bee
  6775 | D:6      | Found a transporter.
  6777 | D:6      | Noticed Notta's ghost (amateur VSFi)
  6779 | D:6      | Found a transporter.
  6779 | D:6      | Noticed a hornet
  6911 | D:6      | Slain by an ogre

Illustrated notes

Levels and vault maps discovered:
D:1:      nzn_arrival_water_spiral, layout_basic, minmay_misc_feat_iff,
          minmay_misc_feat_columns, minmay_stone_trees_small,
          wander_ebering_terrifying_dragon_lair
D:2:      layout_basic, serial_curves, eino_curves_04, eino_curves_02,
          minmay_ruptured, uniq_robin, uniq_sigmund
D:3:      corexii_shack_village, layout_basic, grunt_temple_overflow_holy_war,
          dancing_weapons_uskayaw, first_ration, nemelex_dance_club_becter
D:4:      layout_loops_ring, xom_teletrap_fun, kennysheep_mini, led_sif_book,
          minmay_temple_entry_statues_fountains, serial_shops,
          nicolae_shop_trees, uniq_duvessa, uniq_blork_the_orc, uniq_natasha
D:5:      layout_rooms, serial_shops, nicolae_shop_waterfront
D:6:      layout_cave_pods, old_standard_altar, overflow_temple_1_default,
          gammafunk_ghost_hive

Skill      XL: |  1  2  3  4  5  6  7  8 |
---------------+-------------------------+-----
Fighting       | 4 5 6 7 |  7.7
Armour         | 3 4 5 6 7 |  7.2
Axes           | 3 |  3.2
Polearms       | 1 2 4 5 7 9 |  9.2
Dodging        | |  1.1
Invocations    | |  1.7

Action                   |  1- 3 |  4- 6 |  7- 9 || total
-------------------------+-------+-------+-------++-------
Melee: Hand axe          |    71 |       |       ||    71
       Headbutt          |    15 |    32 |    25 ||    72
       Spear             |    46 |   183 |       ||   229
       Scythe            |       |    18 |   168 ||   186
  Use: Scroll            |     2 |       |     5 ||     7
       Potion            |       |       |     1 ||     1
  Eat: Chunk             |     1 |     6 |     5 ||    12
       Ration            |     1 |       |     1 ||     2
Armor: Leather armour    |    17 |       |       ||    17
       Chain mail        |    23 |    94 |   149 ||   266
Dodge: Dodged            |    69 |    48 |    63 ||   180

Table legend:
 A = Non-vault XP
 B = Vault XP
 C = Vault XP percentage of total XP
 D = Non-vault monster count
 E = Vault monster count
 F = Vault count percentage of total count
                 A         B        C        D         E       F
            +---------+---------+-------+---------+---------+-------
      Total |    1871 |     655 |  25.9 |     113 |      31 |  21.5
            +---------+---------+-------+---------+---------+-------
        D:1 |      40 |       1 |   2.4 |      23 |       1 |   4.2
        D:2 |      53 |     268 |  83.5 |      14 |      16 |  53.3
        D:3 |     360 |      28 |   7.2 |      33 |      10 |  23.3
        D:4 |     371 |     358 |  49.1 |      14 |       4 |  22.2
        D:5 |     913 |       0 |   0.0 |      25 |       0 |   0.0
        D:6 |     134 |       0 |   0.0 |       4 |       0 |   0.0
            +---------+---------+-------+---------+---------+-------
